 Dungeon Crawl Stone Soup version 0.30.0-29-ga12c61a403 (webtiles) character file.

Game seed: 6630699820873811724

453 seaoflcl the Shield-Bearer (level 7, -2/60 HPs)
             Began as a Gnoll Fighter on June 4, 2023.
             Slain by a lemure (4 damage)
             ... led by Pikel
             ... on level 4 of the Dungeon.
             The game lasted 00:08:33 (3118 turns).

seaoflcl the Shield-Bearer (Gnoll Fighter)          Turns: 3118, Time: 00:08:34

Health: -2/60      AC: 17    Str: 17    XL:     7   Next: 5%
Magic:  10/10      EV: 13    Int:  7    God:
Gold:   170        SH:  5    Dex: 12    Spells: 10/10 levels left

rFire   . . .        D - +2 dagger (elec)
rCold   . . .        c - +0 buckler
rNeg    . . .        t - +3 chain mail
rPois   .            (no helmet)
rElec   .            (no cloak)
rCorr   .            (no gloves)
SInv    .            (no boots)
Will    .....        (no amulet) Stlth
                     f - +5 ring of evasion
HPRegen 0.30/turn    g - +4 ring of protection
MPRegen 0.12/turn

%: no passive effects
@: no status effects
A: fangs 1, strong nose, distributed training
a: no special abilities


You were on level 4 of the Dungeon.
You visited 1 branch of the dungeon, and saw 4 of its levels.

You collected 170 gold pieces.

Inventory:

Hand Weapons
 a - a +0 long sword
 h - a +0 whip of draining
 q - a +0 sling
 D - a +2 dagger of electrocution (weapon)
Missiles
 b - 5 boomerangs of dispersal (quivered)
 y - 5 boomerangs
 C - 16 poisoned darts
Armour
 c - a +0 buckler (worn)
 e - a +0 chain mail of willpower
 t - a +3 chain mail (worn)
Magical Staves
 u - a staff of conjuration
Jewellery
 f - a +5 ring of evasion (left hand)
 g - a +4 ring of protection (right hand)
 j - an amulet of guardian spirit
Scrolls
 i - a scroll of fog {unknown}
 k - 2 scrolls of blinking {unknown}
 l - a scroll of enchant armour {unknown}
 m - a scroll of fear {unknown}
 o - a scroll of brand weapon {unknown}
 p - 5 scrolls of teleportation
 r - a scroll of torment {unknown}
 v - a scroll of noise {unknown}
 x - a scroll of magic mapping {unknown}
 E - a scroll of poison {unknown}
 G - a scroll of amnesia {unknown}
Potions
 d - a potion of might
 n - 2 potions of brilliance {unknown}
 s - a potion of ambrosia {unknown}
 w - a potion of heal wounds {unknown}
 z - 2 potions of mutation
 A - 2 potions of lignification
 B - 2 potions of resistance
 F - a potion of invisibility {unknown}


   Skills:
 + Level 7.0 Fighting
 + Level 2.3 Short Blades
 + Level 5.1 Long Blades
 + Level 2.3 Axes
 + Level 2.3 Maces & Flails
 + Level 2.3 Polearms
 + Level 2.3 Staves
 + Level 2.3 Ranged Weapons
 + Level 2.3 Throwing
 + Level 7.0 Armour
 + Level 2.3 Dodging
 + Level 2.3 Stealth
 + Level 7.0 Shields
 + Level 2.3 Unarmed Combat
 + Level 2.3 Spellcasting
 + Level 1.9 Conjurations
 + Level 1.9 Hexes
 + Level 1.9 Summonings
 + Level 1.9 Necromancy
 + Level 1.9 Translocations
 + Level 1.9 Transmutations
 + Level 1.9 Fire Magic
 + Level 1.9 Ice Magic
 + Level 1.9 Air Magic
 + Level 1.9 Earth Magic
 + Level 1.9 Poison Magic
 + Level 2.5 Invocations
 + Level 2.3 Evocations


You had 10 spell levels left.
You didn't know any spells.
Your spell library contained the following spells:

 Spells                   Type           Power      Damage    Failure   Level
 Static Discharge         Conj/Air       6%         2-3/arc   95%         2
 Airstrike                Air            1%         2d(1-17)  100%        4
 Summon Lightning Spire   Summ/Air       3%         N/A       100%        4


Dungeon Overview and Level Annotations

Branches:
Dungeon (4/15)
 Temple: D:4-7

Altars:
Elyvilon
Zin

Annotations:
D:4 Pikel


Innate Abilities, Weirdness & Mutations

You have very sharp teeth.
Your uncanny sense of smell can sniff out nearby items.
Your experience applies equally to all skills.


Message History

Pikel is lightly wounded.
Pikel closely misses you. You block the lemure's attack.
The lemure hits you but does no damage. x2
You barely miss Pikel. Your bite misses Pikel.
Pikel is lightly wounded.
Pikel hits you with a +0 whip of electrocution.
You block the lemure's attack. x2; The lemure hits you but does no damage.
You hit Pikel.
Pikel is lightly wounded.
The lemure hits you but does no damage.
Pikel hits you with a +0 whip of electrocution.
The lemure hits you. The lemure barely misses you.
You hit Pikel. Your bite misses Pikel.
Pikel is lightly wounded.
Pikel misses you. The lemure misses you. The lemure closely misses you. x2
You completely miss Pikel. Your bite misses Pikel.
Pikel is lightly wounded.
Pikel barely misses you. The lemure barely misses you.
The lemure hits you but does no damage. The lemure closely misses you.
You hit Pikel but do no damage. Lightning courses through Pikel!
Pikel is moderately wounded.
You block the lemure's attack. x2; Pikel barely misses you.
The lemure hits you.
You completely miss Pikel.
Pikel is moderately wounded.
The lemure closely misses you. Pikel hits you but does no damage.
You block the lemure's attack. x2
You hit Pikel but do no damage.
Pikel is moderately wounded.
You block the lemure's attack. The lemure closely misses you.
You block Pikel's attack. The lemure hits you.
You hit Pikel but do no damage. Lightning courses through Pikel!
Pikel is severely wounded.
The lemure closely misses you. Pikel hits you but does no damage.
You are electrocuted!!
* * * LOW HITPOINT WARNING * * *
The lemure hits you but does no damage. The lemure barely misses you.
You closely miss Pikel.
Pikel is severely wounded.
The lemure barely misses you. The lemure hits you.
You die...

#....#..# ∆
###....#..#....... ##
#......#..#....... .#
#......'..#....[.. .
#......#..#....... #
#<.....#..#.......
#########+####..#.......
................#5..)..$
................@K5.....
...............5#5......
..........<.##'##.......
########...)##..########
###..###....##.....#
.......#..))#......#
.......#....#......#
.......+....#......#
.......#....##....##


You could see Pikel and 4 lemures.

Vanquished Creatures
  An ogre (D:4)
  2 kobold brigands (D:3)
  A hound (D:3)
  2 orc wizards (D:3)
  4 adders
  3 gnolls (D:3)
  5 orcs
  9 endoplasms
  2 giant cockroaches (D:2)
  4 goblins
  6 hobgoblins
  12 kobolds
  6 quokkas
  5 ball pythons
  7 bats
  3 frilled lizards
  6 rats
78 creatures vanquished.

Notes
Turn   | Place    | Note
-------+----------+-------------------------------------------
     0 | D:1      | seaoflcl the Gnoll Fighter began the quest for the Orb.
     0 | D:1      | Reached XP level 1. HP: 23/23 MP: 1/1
   153 | D:1      | Reached XP level 2. HP: 29/29 MP: 2/2
  1106 | D:2      | Reached XP level 3. HP: 34/35 MP: 3/3
  1141 | D:2      | Reached skill level 1 in Invocations
  1383 | D:2      | Reached skill level 1 in Short Blades
  1383 | D:2      | Reached skill level 1 in Axes
  1383 | D:2      | Reached skill level 1 in Maces & Flails
  1383 | D:2      | Reached skill level 1 in Polearms
  1383 | D:2      | Reached skill level 1 in Staves
  1383 | D:2      | Reached skill level 1 in Ranged Weapons
  1383 | D:2      | Reached skill level 1 in Throwing
  1383 | D:2      | Reached skill level 1 in Dodging
  1383 | D:2      | Reached skill level 1 in Stealth
  1383 | D:2      | Reached skill level 1 in Unarmed Combat
  1383 | D:2      | Reached skill level 1 in Spellcasting
  1383 | D:2      | Reached skill level 1 in Evocations
  1587 | D:3      | Reached skill level 1 in Conjurations
  1587 | D:3      | Reached skill level 1 in Hexes
  1587 | D:3      | Reached skill level 1 in Summonings
  1587 | D:3      | Reached skill level 1 in Necromancy
  1587 | D:3      | Reached skill level 1 in Translocations
  1587 | D:3      | Reached skill level 1 in Transmutations
  1587 | D:3      | Reached skill level 1 in Fire Magic
  1587 | D:3      | Reached skill level 1 in Ice Magic
  1587 | D:3      | Reached skill level 1 in Air Magic
  1587 | D:3      | Reached skill level 1 in Earth Magic
  1587 | D:3      | Reached skill level 1 in Poison Magic
  1587 | D:3      | Reached XP level 4. HP: 41/41 MP: 5/5
  1817 | D:3      | Reached XP level 5. HP: 41/47 MP: 5/7
  1864 | D:3      | Found a white marble altar of Elyvilon.
  1882 | D:3      | Found a glowing silver altar of Zin.
  2355 | D:3      | Noticed a kobold brigand
  2357 | D:3      | Noticed a kobold brigand
  2377 | D:3      | Killed a kobold brigand
  2378 | D:3      | Reached skill level 5 in Long Blades
  2378 | D:3      | Reached XP level 6. HP: 20/53 MP: 7/9
  2839 | D:4      | Reached XP level 7. HP: 30/60 MP: 10/10
  3098 | D:4      | Noticed Pikel
  3117 | D:4      | HP: 2/60 [Pikel/+0 whip of electrocution (19)]
  3118 | D:4      | Slain by a lemure

Illustrated notes

Levels and vault maps discovered:
D:1:      mrwooster_arrival_arrow, layout_basic, minmay_small_reverse_x
D:2:      layout_rooms
D:3:      cheibrodos_thug_alley, layout_basic, zin_treasury,
          mainiacjoe_overflow_six_doors_small
D:4:      layout_gridville, serial_bayou_ford_a, uniq_pikel, uniq_eustachio

Skill      XL: |  1  2  3  4  5  6 |
---------------+-------------------+-----
Invocations    | 1 2 |  2.5
Short Blades   | 1 2 |  2.3
Axes           | 1 2 |  2.3
Maces & Flails | 1 2 |  2.3
Polearms       | 1 2 |  2.3
Staves         | 1 2 |  2.3
Ranged Weapons | 1 2 |  2.3
Throwing       | 1 2 |  2.3
Dodging        | 1 2 |  2.3
Stealth        | 1 2 |  2.3
Unarmed Combat | 1 2 |  2.3
Spellcasting   | 1 2 |  2.3
Evocations     | 1 2 |  2.3
Conjurations   | 1 |  1.9
Hexes          | 1 |  1.9
Summonings     | 1 |  1.9
Necromancy     | 1 |  1.9
Translocations | 1 |  1.9
Transmutations | 1 |  1.9
Fire Magic     | 1 |  1.9
Ice Magic      | 1 |  1.9
Air Magic      | 1 |  1.9
Earth Magic    | 1 |  1.9
Poison Magic   | 1 |  1.9
Long Blades    | 5 |  5.1
Fighting       | 7 |  7.0
Armour         | 7 |  7.0
Shields        | 7 |  7.0

Action                     |  1- 3 |  4- 6 |  7- 9 || total
---------------------------+-------+-------+-------++-------
  Melee: Long sword        |    44 |       |       ||    44
         Bite              |     7 |    25 |     2 ||    34
         Whip              |    71 |    94 |       ||   165
         Dagger            |       |    62 |    24 ||    86
  Throw: Boomerang         |       |     2 |       ||     2
    Use: Scroll            |       |     5 |       ||     5
         Potion            |       |     2 |       ||     2
 Armour: Scale mail        |     4 |       |       ||     4
         Chain mail        |    44 |    61 |    19 ||   124
  Dodge: Dodged            |    61 |    83 |    22 ||   166
  Block: Buckler           |    42 |    28 |    13 ||    83
